 Dungeon Crawl Stone Soup version 0.31.0-32-g396128a36d (webtiles) character file.

Game seed: 8319588311669207538

76 NimIero the Conjurer (level 4, -1/33 HPs)
             Began as a Draconian Conjurer on Apr 22, 2024.
             Killed by psychic fangs
             ... invoked by a brain worm
              (12 damage)
             ... in a sewer.
             The game lasted 00:08:13 (3157 turns).

NimIero the Conjurer (Draconian Conjurer)           Turns: 3157, Time: 00:08:14

Health: -1/33      AC:  7    Str:  9    XL:     4   Next: 12%
Magic:  1/7        EV: 12    Int: 21    God:
Gold:   132        SH:  0    Dex:  9    Spells: 4/7 levels left

rFire   + . .        b - +0 dagger
rCold   . . .        (no shield)
rNeg    . . .        (body armour unavailable)
rPois   .            (helmet restricted)
rElec   .            (no cloak)
rCorr   .            r - +0 pair of gloves
SInv    .            f - +0 pair of boots
Will    .....        (no amulet)
Stlth   ++           p - ring of protection from fire
HPRegen 0.25/turn    (no ring)
MPRegen 0.10/turn

%: no passive effects
@: no status effects
A: AC +5, unfitting armour, cold-blooded
a: no special abilities


You were in a sewer.
You visited 1 branch of the dungeon, and saw 4 of its levels.
You also visited: Sewer.

You collected 201 gold pieces.
You spent 69 gold pieces at shops.

Inventory:

Hand Weapons
 b - a +0 dagger (weapon)
 q - a +0 falchion
Missiles
 c - 2 boomerangs
Armour
 f - a +0 pair of boots (worn)
 r - a +0 pair of gloves (worn)
Jewellery
 p - a ring of protection from fire (left hand)
Scrolls
 e - 6 scrolls of identify {unknown}
 h - a scroll of revelation {unknown}
 j - a scroll of blinking {unknown}
 l - a scroll of teleportation {unknown}
 m - a scroll of amnesia {unknown}
 o - a scroll of poison {unknown}
Potions
 a - a potion of magic
 d - a potion of invisibility {unknown}
 g - a potion of attraction {unknown}
 i - a potion of enlightenment {unknown}
 k - 2 potions of degeneration {unknown}
 n - a potion of heal wounds {unknown}
 s - a potion of curing {unknown}


   Skills:
 + Level 1.9 Dodging
 + Level 2.0 Stealth
 + Level 2.1 Spellcasting
 * Level 5.4 Conjurations


You had 4 spell levels left.
You knew the following spells:

 Your Spells              Type           Power      Damage    Failure   Level
a - Magic Dart            Conj           100%       1d8       1%          1
b - Searing Ray           Conj           50%        2d6       2%          2

Your spell library contained the following spells:

 Spells                   Type           Power      Damage    Failure   Level
 Blink                    Tloc           4%         N/A       22%         2
 Call Imp                 Summ           4%         N/A       22%         2
 Lesser Beckoning         Tloc           4%         N/A       22%         2
 Gell's Gravitas          Tloc           2%         N/A       41%         3
 Teleport Other           Tloc           2%         N/A       41%         3
 Fulminant Prism          Conj/Alch      6%         3d7       43%         4
 Iskenderun's Mystic Bla  Conj/Tloc      13%        2d5       43%         4


Dungeon Overview and Level Annotations

Branches:
Dungeon (4/15)              Sewer (1/1)
 Temple: D:4-7

Altars:
Cheibriados
Hepliaklqana
Nemelex Xobeh
Sif Muna
Uskayaw

Shops:
D:2 *


Innate Abilities, Weirdness & Mutations

Your plain brown scales are hard. (AC +5)
You cannot fit into any form of body armour.
You are cold-blooded and may be slowed by cold attacks.


Message History

The brain worm's bulging head throbs.
Something gnaws on your mind!
You feel your power leaking away.
The searing ray hits the brain worm!
The brain worm is almost dead.
The brain worm's throbbing head pulsates.
Something gnaws heavily on your mind!
You feel your power leaking away.
Without enough magic to sustain it, your searing ray dissipates.
The brain worm bites you but does no damage.
You hit the brain worm.
The brain worm is almost dead.
The brain worm bites you but does no damage.
You hit the brain worm. You tail-slap the brain worm.
The brain worm is almost dead.
The brain worm bites you but does no damage.
You hit the brain worm.
The brain worm is almost dead.
The brain worm bites you but does no damage.
You hit the brain worm but do no damage.
The brain worm is almost dead.
The brain worm closely misses you.
You hit the brain worm.
The brain worm is almost dead.
The brain worm barely misses you.
You hit the brain worm.
The brain worm is almost dead.
The brain worm bites you but does no damage.
You hit the brain worm.
The brain worm is almost dead.
The brain worm closely misses you.
You hit the brain worm.
You tail-slap the brain worm, but do no damage.
The brain worm is almost dead.
The brain worm bites you.
You barely miss the brain worm.
The brain worm is almost dead.
The brain worm's bulging head throbs.
Something gnaws heavily on your mind!
You die...

############
#.##.##.##∩#
#.##.##)##.#
#'##'##'##.##+##+#
#.................
#~~~~~~~~~.~~~~~~~
#≈≈≈≈≈≈≈≈≈∩≈≈≈≈≈≈≈
#~~~~~~~~~.~~~~~~~
#...@.............
#'##w##+##+##+##+#
#.##.# #.##$#
######


You could see a brain worm.

Vanquished Creatures
  A gnoll (D:4)
  An adder (D:3)
  2 dart slugs (D:4)
  6 ball pythons
  5 bats
  3 endoplasms (D:1)
  5 giant cockroaches
  5 goblins (D:1)
  2 hobgoblins
  8 kobolds
  A quokka (D:1)
  2 frilled lizards
  9 rats
50 creatures vanquished.

Notes
Turn   | Place    | Note
-------+----------+-------------------------------------------
     0 | D:1      | NimIero the Draconian Conjurer began the quest for the Orb.
     0 | D:1      | Reached XP level 1. HP: 14/14 MP: 3/3
   266 | D:1      | Reached XP level 2. HP: 17/20 MP: 1/5
   270 | D:1      | Learned a level 2 spell: Searing Ray
   862 | D:1      | Found a faded altar of an unknown god.
  1348 | D:2      | Reached XP level 3. HP: 26/26 MP: 3/6
  1646 | D:2      | Found Mogappy's Assorted Antiques.
  1654 | D:2      | Bought a lumpy yellow potion for 22 gold pieces
  1654 | D:2      | Bought a scroll labelled GUQUOJ VEKI for 25 gold pieces
  1654 | D:2      | Bought a white potion for 22 gold pieces
  1734 | D:2      | Reached skill level 5 in Conjurations
  2180 | D:3      | Found a hide-covered altar of Uskayaw.
  2181 | D:3      | Found a snail-covered altar of Cheibriados.
  2282 | D:3      | Found a hazy altar of Hepliaklqana.
  2492 | D:3      | Found a shimmering blue altar of Sif Muna.
  2754 | D:4      | Found a sparkling altar of Nemelex Xobeh.
  2983 | D:4      | Reached XP level 4. HP: 33/33 MP: 5/7
  3039 | D:4      | Found a glowing drain.
  3055 | Sewer    | Entered a sewer
  3143 | Sewer    | Noticed a brain worm
  3157 | Sewer    | Killed from afar by a brain worm

Illustrated notes

Levels and vault maps discovered:
D:1:      minmay_arrival_cross, layout_basic,
          shapermc_ecumenical_altar_acropolis
D:2:      layout_basic, serial_shops, shop
D:3:      layout_basic, nicolae_sif_muna_little_library,
          nicolae_hepliaklqana_hazy_memory, gammafunk_temple_overflow_pools
D:4:      layout_loops_ring, regret_index_xom_buried_treasure,
          mainiacjoe_overflow_tiny_flanked, general_overflow_altar,
          portal_sewer_entry_e, lemuel_flame_loot_1, uniq_duvessa
Sewer:    kennysheep_door_sewer

Skill      XL: |  1  2  3 |
---------------+----------+-----
Conjurations   | 5 |  5.4
Stealth        | 2 |  2.0
Dodging        | |  1.9
Spellcasting   | |  2.1

Action                     |  1- 3 |  4- 6 || total
---------------------------+-------+-------++-------
  Melee: Dagger            |     5 |    10 ||    15
         Tailslap          |     1 |     2 ||     3
   Cast: Magic Dart        |    69 |     9 ||    78
         Searing Ray       |     2 |     1 ||     3
 Armour: Skin              |     6 |     8 ||    14
  Dodge: Dodged            |     9 |     7 ||    16
